 Dungeon Crawl Stone Soup version 0.31.0-12-g77e489cdc1 (webtiles) character file.

Game seed: 7645883690127805218

80 Kallu the Cudgeller (level 4, 0/37 HPs)
             Began as an Armataur Fighter on Feb 16, 2024.
             Slain by Sigmund
             ... wielding a +0 scythe
              (9 damage)
             ... on level 2 of the Dungeon.
             The game lasted 00:01:29 (1084 turns).

Kallu the Cudgeller (Armataur Fighter)              Turns: 1084, Time: 00:01:30

Health: 0/37       AC:  6    Str: 23    XL:     4   Next: 18%
Magic:  4/4        EV:  7    Int:  9    God:
Gold:   85         SH:  0    Dex:  9    Spells: 3/3 levels left

rFire   . . .        a - +0 flail
rCold   . . .        c - +0 buckler
rNeg    . . .        b - +0 scale mail
rPois   .            (no helmet)
rElec   .            (no cloak)
rCorr   .            (no gloves)
SInv    .            (no barding)
Will    .....        (no amulet) Stlth
                     (no ring)
HPRegen 0.26/turn    (no ring)
MPRegen 0.09/turn

%: roll
@: confused
A: large, deformed body, tough skin 3, armoured tail, roll 1
a: no special abilities


You were on level 2 of the Dungeon.
You visited 1 branch of the dungeon, and saw 2 of its levels.

You collected 85 gold pieces.

Inventory:

Hand Weapons
 a - a +0 flail (weapon)
Armour
 b - a +0 scale mail (worn)
 c - a +0 buckler (worn)
Scrolls
 g - a scroll of silence {unknown}
 j - 2 scrolls of teleportation {unknown}
 k - a scroll of enchant armour {unknown}
Potions
 d - a potion of might
 e - a potion of attraction {unknown}
 f - a potion of haste {unknown}
 h - a potion of invisibility {unknown}
 l - a potion of brilliance {unknown}


   Skills:
 - Level 2.6 Fighting
 + Level 4.1 Maces & Flails
 - Level 3.6 Armour
 - Level 3.2 Shields


You had 3 spell levels left.
You didn't know any spells.
Your spell library was empty.

Dungeon Overview and Level Annotations

Branches:
Dungeon (2/15)

Altars:

Shops:
D:1 ?   D:2 :

Annotations:
D:2 Sigmund


Innate Abilities, Weirdness & Mutations

Armour fits poorly on your strangely shaped body.
You have extremely tough skin. (AC +3)
You have a long armoured tail.
You regenerate magic when rolling toward enemies. (Rampage MPRegen)


Message History

The poisoned dart barely misses Sigmund.
Unknown command.
Throw: dart (poison)
Press: ? - help, Shift-Dir - straight line, f/p - Sigmund
Aim: Sigmund, wielding a +0 scythe and wearing a +0 robe (45% to hit)
You throw a poisoned dart.
The poisoned dart closely misses Sigmund.
Sigmund casts a spell at you.
You are confused.
Search for what [? for help]? curare Can't find anything matching that.
You are too confused!
You are too confused!
You bump into the rock wall.
You bump into the rock wall.
You bump into the rock wall.
Sigmund hits you from afar with a +0 scythe.
You bump into the rock wall.
You feel less confused.
You roll towards Sigmund!
You hit Sigmund.
Sigmund is lightly wounded.
Sigmund casts a spell.
Sigmund flickers and vanishes!
Deactivating autopickup; reactivate with Ctrl-A.
You barely miss something. Something hits you.
You barely miss something.
You hear some strange, mumbled words.
You are confused.
You completely miss something.
Your tail-slap misses something.
You hear some strange, mumbled words.
A magic dart appears from out of thin air!
The magic dart hits you.
You bump into the rock wall.
You hear some strange, mumbled words.
A puff of flame appears from out of thin air!
The puff of flame hits you!
You bump into the rock wall.
Something hits you!
* * * LOW HITPOINT WARNING * * *
You bump into the rock wall.
Something hits you!
You die...

.........# #..
.........####..
.........#.....
.........#.....
.........#....# ##
.........#..... #'#..
.........####..
......##########'#####..
(.....{@.............'..
......#####...##....##..
..... #...##....##..
.... #...##....#### #+#
#...##....# #...##....#
#..[##'#### #...#... #..


There were no monsters in sight!

Vanquished Creatures
  Natasha (twice) (D:2)
  3 ball pythons (D:1)
  2 endoplasms (D:1)
  2 giant cockroaches (D:1)
  2 goblins (D:1)
  3 hobgoblins (D:1)
  4 kobolds
  3 quokkas (D:1)
  6 rats (D:1)
27 creatures vanquished.

Notes
Turn   | Place    | Note
-------+----------+-------------------------------------------
     0 | D:1      | Kallu the Armataur Fighter began the quest for the Orb.
     0 | D:1      | Reached XP level 1. HP: 18/18 MP: 1/1
    13 | D:1      | Reached skill level 2 in Maces & Flails
   148 | D:1      | Reached XP level 2. HP: 25/25 MP: 2/2
   380 | D:1      | Found Enaasiwa's Magic Scroll Boutique.
   412 | D:1      | Reached skill level 3 in Maces & Flails
   719 | D:1      | Reached XP level 3. HP: 27/30 MP: 3/3
   938 | D:2      | Found Zowkeg's Book Emporium.
   983 | D:2      | Noticed Natasha
   990 | D:2      | Killed Natasha
  1029 | D:2      | Noticed Natasha
  1034 | D:2      | Killed Natasha
  1035 | D:2      | Reached skill level 4 in Maces & Flails
  1035 | D:2      | Reached XP level 4. HP: 37/37 MP: 4/4
  1070 | D:2      | Noticed Sigmund
  1084 | D:2      | Slain by Sigmund

Illustrated notes

Levels and vault maps discovered:
D:1:      arrival_zaba_pyramid, layout_basic, serial_shops, shop
D:2:      layout_basic, serial_shops, nicolae_shop_statue_plus,
          dilly_ecumenical_altar_fadedgnrine, uniq_sigmund, uniq_natasha

Skill      XL: |  1  2  3 |
---------------+----------+-----
Maces & Flails | 2 3 4 |  4.1
Fighting       | |  2.6
Armour         | |  3.6
Shields        | |  3.2

Action                     |  1- 3 |  4- 6 || total
---------------------------+-------+-------++-------
  Melee: Flail             |    59 |     4 ||    63
         Tailslap          |     5 |       ||     5
  Throw: Dart              |       |     2 ||     2
 Armour: Scale mail        |    34 |     6 ||    40
  Dodge: Dodged            |    15 |       ||    15
  Block: Buckler           |    11 |       ||    11
